 Dungeon Crawl Stone Soup version 0.27-a0-1140-g099f9bb0e8 (webtiles) character file.

Game seed: 13789672674888206990

46 Morbidden the Sneak (level 3, -5/27 HPs)
             Began as a Vine Stalker Brigand on May 10, 2021.
             Killed from afar by an orc wizard (6 damage)
             ... with a puff of flame
             ... on level 3 of the Dungeon.
             The game lasted 00:02:39 (1482 turns).

Morbidden the Sneak (Vine Stalker Brigand)          Turns: 1482, Time: 00:02:39

Health: -5/27      AC: 21    Str: 13    XL:     3   Next: 68%
Magic:  0/4        EV:  2    Int: 12    God:
Gold:   46         SH:  0    Dex: 15    Spells: 2/2 levels left

rFire    . . .     SeeInvis .   a - +2 dagger
rCold    . . .     Faith    .   (no shield)
rNeg     + + +     Spirit   +   (armour currently unavailable)
rPois    +         Reflect  .   (helmet currently unavailable)
rElec    .         Harm     .   (cloak currently unavailable)
rCorr    .         Rampage  .   (gloves currently unavailable)
Will     .....     NoTele   +   (boots currently unavailable)
Stlth    +++.......             (no amulet)
HPRegen  0.09/turn              (no ring)
MPRegen  0.09/turn              (no ring)

@: tree-form
A: stationary, stasis, torment immunity, boosted hp, (fangs 2), magic shield,
(antimagic bite), no potion heal 2
a: no special abilities


You were on level 3 of the Dungeon.
You were a tree.
You visited 1 branch of the dungeon, and saw 3 of its levels.

You collected 46 gold pieces.

Inventory:

Hand Weapons
 a - a +2 dagger (weapon)
Missiles
 d - 9 poisoned darts (quivered)
 e - 2 curare-tipped darts
Armour
 b - a +0 robe (melded)
 c - a +0 cloak (melded)
Scrolls
 f - a scroll of vulnerability {unknown}
 h - 2 scrolls of identify {unknown}
 j - a scroll of magic mapping {unknown}
 k - a scroll of immolation {unknown}
 l - a scroll of fear {unknown}
 m - a scroll of noise {unknown}
 o - 2 scrolls of teleportation {unknown}
Potions
 g - a potion of lignification
 i - a potion of cancellation {unknown}
 n - 2 potions of brilliance {unknown}
 p - a potion of attraction {unknown}


   Skills:
 * Level 2.1 Fighting
 + Level 1.9(2.0) Short Blades
 * Level 0.9(1.5) Long Blades
 + Level 1.8 Throwing
 * Level 1.0 Dodging
 + Level 5.8 Stealth


You had 2 spell levels left.
You didn't know any spells.
Your spell library contained the following spells:

 Spells                   Type           Power      Damage    Failure   Level
 Corona                   Hex            0%         N/A       32%         1
 Ensorcelled Hibernation  Hex/Ice        0%         N/A       45%         2
 Confusing Touch          Hex            0%         N/A       69%         3
 Dazzling Flash           Conj/Hex       0%         N/A       69%         3
 Tukima's Dance           Hex            0%         N/A       69%         3


Dungeon Overview and Level Annotations

Branches:
Dungeon (3/15)

Altars:


Innate Abilities, Weirdness & Mutations

You are a tree.
Your roots penetrate the ground, keeping you stationary.
You cannot be teleported.
You are immune to unholy pain and torment.
Your maximum health is greatly increased.
Your equipment is partially melded.
((You have extremely sharp teeth.))
When hurt, damage is shared between your health and your magic reserves.
((Your bite disrupts and absorbs the magic of your enemies.))
Potions cannot restore your health.


Message History

Unknown command.
You hit something but do no damage. Something completely misses you.
Unknown command.
You hit something but do no damage. You miss something.
You hear some strange, mumbled words.
A magic dart appears from out of thin air!
The magic dart hits you but does no damage.
You closely miss something.
You hear some strange, mumbled words.
You are confused.
You hit something but do no damage. Something hits you.
You nearly hit yourself!
Something hits you but does no damage.
You hit something. Something hits you but does no damage.
You nearly hit yourself!
You hear some strange, mumbled words.
A magic dart appears from out of thin air!
The magic dart hits you.
* * * LOW HITPOINT WARNING * * *
There's something in the way.
There's something in the way.
There's something in the way.
You nearly hit yourself!
Something hits you but does no damage.
There's something in the way.
You barely miss something. Something completely misses you.
You swing at nothing.
Something hits you but does no damage.
There's something in the way.
There's something in the way.
There's something in the way.
You swing at nothing.
You feel less confused. Something hits you but does no damage.
You hit something but do no damage. Something hits you.
Unknown command.
Unknown command.
You barely miss something.
You hear some strange, mumbled words.
A puff of flame appears from out of thin air!
The puff of flame hits you.
You die...

####### #### #.....#
##...# #.###.#
#.....#######.###.#
#(.(.(..){♣.....#.#
.((....#######.#.#.#
.##...# #.#.#.# ####
#...†.# ###.### #.#
###.# #...#
####.#.##


There were no monsters in sight!

Vanquished Creatures
  A worm (D:2)
  2 orcs (D:3)
  5 ball pythons
  5 bats
  2 endoplasms
  A giant cockroach (D:2)
  6 goblins
  3 hobgoblins
  A quokka (D:2)
  3 frilled lizards (D:1)
  4 kobolds
  8 rats
41 creatures vanquished.

Notes
Turn   | Place    | Note
-------+----------+-------------------------------------------
     0 | D:1      | Morbidden the Vine Stalker Brigand began the quest for the
                  | Orb.
     0 | D:1      | Reached XP level 1. HP: 11/11 MP: 2/2
   118 | D:1      | Reached skill level 5 in Stealth
   204 | D:1      | Reached XP level 2. HP: 15/15 MP: 3/3
   798 | D:2      | Reached XP level 3. HP: 18/18 MP: 4/4
   870 | D:2      | Reached skill level 1 in Dodging
   912 | D:2      | Found a faded altar of an unknown god.
  1476 | D:3      | HP: 1/27 [something/magic dart (3)]
  1482 | D:3      | Killed from afar by an orc wizard

Illustrated notes

Levels and vault maps discovered:
D:1:      dpeg_arrival_arbitrary_c, layout_loops_ring
D:2:      layout_rooms, hellmonk_ecumenical_altar_slurped_away
D:3:      layout_loops_cross

Skill      XL: |  1  2  3 |
---------------+----------+-----
Stealth        | 5 |  5.8
Fighting       | 2 |  2.1
Dodging        | 1 |  1.0
Short Blades   | |  1.9
Long Blades    | |  0.9
Throwing       | |  1.8

Action                   || total
-------------------------++-------
Melee: Dagger            ||    93
       Bite              ||    17
Throw: Dart              ||    26
  Use: Potion            ||     1
 Stab: Sleeping          ||    12
Armor: Robe              ||    14
       Skin              ||     9
Dodge: Dodged            ||    23

Table legend: (Time is in decaauts)
 A = Elapsed time spent in this place.
 B = Non-inter-level travel time spent in this place.
 C = Inter-level travel time spent in this place.
 D = Time resting spent in this place.
 E = Time spent auto-exploring this place.
 F = Levels seen in this place.
 G = Mean time per level.
                   A        B        C        D        E       F      G
               +--------+--------+--------+--------+--------+-----+--------+
         Total |   1470 |   1419 |     51 |      0 |   1154 |   3 |  490.0 |
       Dungeon |   1470 |   1419 |     51 |      0 |   1154 |   3 |  490.0 |
               +--------+--------+--------+--------+--------+-----+--------+

Top non-repeatable levels by time:
     D:1: 724 daAuts
     D:2: 575 daAuts
     D:3: 171 daAuts
